 Dungeon Crawl Stone Soup version 0.31-a0-795-g5eb97db20b (webtiles) character file.

Game seed: 5948980613764599610

336675 cforsyth the Slayer (level 22, 0/166 HPs)
             Began as a Djinni Delver on Sept 18, 2023.
             Was the Champion of Hepliaklqana.
             Killed from afar by a deep elf knight (13 damage)
             ... with a shard of ice
             ... on level 2 of the Elven Halls on Sept 19, 2023.
             The game lasted 01:49:39 (52769 turns).

cforsyth the Slayer (Djinni Delver)                Turns: 52769, Time: 01:49:40

Health: 0/166      AC: 15    Str: 15    XL:     22   Next: 88%
Gold:   1593       EV: 21    Int: 27    God:    Hepliaklqana [******] SH: 12 Dex: 16

rFire   + + .        S - +8 trident of the Octopus King {venom, rElec rPois}
rCold   + . .        F - +0 kite shield {rC+}
rNeg    . . .        K - +1 troll leather armour
rPois   ∞            O - +2 hat of the Yeti {Will+ Int+3}
rElec   +            C - +1 cloak
rCorr   .            X - +2 pair of gloves
SInv    .            (boots unavailable)
Will    +++..        h - amulet of regeneration
Stlth   ++           y - ring of Pemall {rElec rC+ Str+4 Int+2}
HPRegen 2.07/turn    W - +4 ring of protection
MPRegen 0.00/turn

%: infuse magic (-1 HP)
@: about to teleport, flying
A: reduced essence, sickness immunity, fire resistance 2, cold vulnerability 1,
float, innate caster, HP casting, extra vitality 1
}: 2/15 runes: decaying, gossamer
a: Renounce Religion, Recall Ancestor, Ancestor Identity, Transference, Idealise


You were on level 2 of the Elven Halls.
You worshipped Hepliaklqana.
Hepliaklqana was exalted by your worship.
You visited 8 branches of the dungeon, and saw 37 of its levels.
You visited 1 bazaar.
You also visited: Ice Cave.

You collected 4144 gold pieces.
You spent 2551 gold pieces at shops.

Inventory:

Hand Weapons
 b - the +9 falchion of the Seer {flame, Dex+3}
   (You took it off a centaur warrior on level 12 of the Dungeon)

   Dex+3:     It affects your dexterity (+3).
 S - the +8 trident of the Octopus King (weapon) {venom, rElec rPois}
   (You found it on level 2 of the Lair of Beasts)

   rElec:     It insulates you from electricity.
   rPois:     It protects you from poison
Armour
 o - a +1 helmet of see invisible
 C - a +1 cloak (worn)
 F - a +0 kite shield of cold resistance (worn)
 K - a +1 troll leather armour (worn)
 O - the +2 hat of the Yeti (worn) {Will+ Int+3}
   (You found it on level 1 of the Swamp)

   Int+3:     It affects your intelligence (+3).
   Will+:     It increases your willpower.
 X - a +2 pair of gloves (worn)
Jewellery
 a - the ring "Soschato" {rPois rF+ rC+ Will-}
   (You found it on level 1 of the Spider Nest)

   [ring of poison resistance]

   rF+:       It protects you from fire.
   rC+:       It protects you from cold.
   rPois:     It protects you from poison Will-: It decreases your willpower.
 f - the ring of the Mage {Wiz Archmagi}
   (You bought it in a shop in a bazaar)

   [ring of wizardry]

   Wiz:       It improves your spell success rate.
   Archmagi:  It increases the power of your magical spells.
 h - an amulet of regeneration (around neck)
 y - the ring of Pemall (left hand) {rElec rC+ Str+4 Int+2}
   (You bought it in a shop on level 2 of the Orcish Mines)

   [ring of protection from cold]

   Str+4:     It affects your strength (+4).
   Int+2:     It affects your intelligence (+2).
   rC+:       It protects you from cold.
   rElec:     It insulates you from electricity.
 I - a +5 ring of evasion
 J - a ring of positive energy
 P - a ring of see invisible
 T - a ring of ice
 W - a +4 ring of protection (right hand)
 Y - a ring of wizardry
Wands
 g - a wand of digging (14)
 j - a wand of mindburst (20)
 n - a wand of paralysis (33)
 x - a wand of polymorph (20)
 E - a wand of acid (14)
 M - a wand of flame (37)
 Q - a wand of iceblast (19)
Scrolls
 c - 9 scrolls of fog
 d - 8 scrolls of revelation
 k - 9 scrolls of teleportation
 l - 2 scrolls of acquirement
 s - 3 scrolls of vulnerability
 t - a scroll of blinking
 v - 6 scrolls of amnesia
 z - 6 scrolls of enchant armour
 A - 4 scrolls of enchant weapon
 D - 4 scrolls of poison
 G - 6 scrolls of fear
 N - 2 scrolls of torment
 R - 7 scrolls of immolation
 V - 4 scrolls of summoning
Potions
 e - 3 potions of heal wounds
 i - 7 potions of brilliance
 m - 13 potions of curing
 p - 6 potions of enlightenment
 q - 6 potions of attraction
 r - a potion of resistance
 u - 4 potions of invisibility
 w - 3 potions of haste
 B - 3 potions of lignification
 H - 6 potions of might
 L - 2 potions of mutation
 U - 5 potions of ambrosia
 Z - a potion of cancellation


   Skills:
 + Level 24.0 Fighting
 - Level 1.7 Long Blades
 + Level 18.9 Dodging
 - Level 4.1 Stealth
 - Level 10.0 Shields
 + Level 17.9 Spellcasting
 + Level 17.9 Conjurations
 + Level 17.9 Hexes
 + Level 17.9 Summonings
 + Level 17.9 Necromancy
 + Level 17.9 Translocations
 + Level 17.9 Transmutations
 + Level 17.9 Fire Magic
 + Level 17.9 Ice Magic
 + Level 17.9 Air Magic
 + Level 17.9 Earth Magic
 + Level 17.9 Poison Magic


You knew the following spells:

 Your Spells              Type           Power      Damage    Failure   Level
a - Slow                  Hex            100%       N/A       0%          1
b - Searing Ray           Conj           100%       2d8       0%          2
c - Dazzling Flash        Conj/Hex       100%       N/A       0%          3
d - Swiftness             Air            88%        N/A       0%          3
e - Alistair's Intoxicat  Tmut/Pois      58%        N/A       1%          5
f - Lee's Rapid Deconstr  Erth           44%        3d21*     1%          5
g - Conjure Ball Lightni  Conj/Air       44%        3x3d15    1%          6
h - Spellforged Servitor  Conj/Summ      44%        N/A       2%          7
i - Orb of Destruction    Conj           44%        9d12      2%          7
j - Enfeeble              Hex            44%        N/A       2%          7
Your spell library was empty.

Dungeon Overview and Level Annotations

Branches:
Dungeon (15/15)            Temple (1/1) D:5            Lair (5/5) D:9
  Swamp (4/4) Lair:3       Spider (4/4) Lair:2        Slime (0/5) Lair:4
    Orc (2/2) D:9             Elf (2/3) Orc:2        Vaults (4/5) D:14
  Crypt (0/3) Vaults:2     Depths (0/4) D:15          IceCv (visited)

Altars:
Ashenzari
Cheibriados
Dithmenos
Elyvilon
Fedhas
Gozag
Hepliaklqana
Makhleb
Nemelex Xobeh
Okawaru
Qazlal
Ru
Trog
Uskayaw
Wu Jian
Xom
Yredelemnul
Zin
The Shining One
Jiyva

Shops:
D:1 [   D:13 **:*   Orc:2 (=*:   Elf:1 =:=

Portals:
Trove: D:12 (give +8 demon blade)

Annotations:
Spider:2 3 runed translucent doors, puppykicker's ghost, adept BaIE


Innate Abilities, Weirdness & Mutations

Your life essence is reduced to manifest your ancestor. (-10% HP)
You are immune to sickness and miasma.
You are immune to poison.
Your flesh is very heat resistant. (rF++)
You are vulnerable to cold. (rC-)
You float through the air rather than walking.
You learn spells naturally, not from books.
Your magical power is your life essence.
You have superior vitality. (+4 MHP)


Message History

Confirm with . or Enter, or press ? or * to list all spells.
Aiming: Lee's Rapid Deconstruction (safe; 1% risk of failure)
Press: ? - help, Dir - move target You cannot affect that.
Okay, then.
Unknown command.
A +3 war axe of electrocution comes into view.
Xochitl misses the +2 halberd of venom.
Casting: Lee's Rapid Deconstruction (safe; 1% risk of failure)
Confirm with . or Enter, or press ? or * to list all spells.
You don't know that spell.
Unknown command.
Casting: Lee's Rapid Deconstruction (safe; 1% risk of failure)
Confirm with . or Enter, or press ? or * to list all spells.
Aiming: Lee's Rapid Deconstruction (safe; 1% risk of failure)
Press: ? - help, Dir - move target A stone wall.
The wall shatters!
The blast of rock fragments hits the +2 halberd of venom!!
The +2 halberd of venom falls from the air.
* * * LOW HITPOINT WARNING * * *
A +1 vampiric executioner's axe comes into view.
As you read the scroll of teleportation, it crumbles to dust.
You feel strangely unstable.
The deep elf knight casts a spell at you.
The shard of ice hits you!! You partially resist.
* * * LOW HITPOINT WARNING * * *
What are your orders? t - Shout!
Orders for allies: a - Attack new target. r - Retreat! s - Stop attacking. g - Guard the area. f - Follow me.
Anything else - Cancel.
Okay, then.
Blink to where?
Press: ? - help, Dir - move target
As you read the scroll of blinking, it crumbles to dust.
The deep elf knight casts a spell at you.
The shard of ice hits you! You partially resist.
You die...

##.....##..#######..#..
##.....##..R..#..'..###
##.....)'####..#..######
#.......'...'..#..'.....
##......'...#######.....
#......)'...'..#..).....
##......'####..#..#####.
##...))##..)..#..'..##.
##....@##..#######..##.
##......##..'.....R.)##.
#......################.
#.....## # ### ##.....##
.# ##..e..##...
##..........
##..R..(.....
#...§(.#......


You could see the friendly Xochitl the knight (fast, reflecting) and a deep elf
knight (fast, ally target).

Vanquished Creatures
  Mara (Spider:3)
  Jory (Vaults:2)
  A tentacled monstrosity (Swamp:2)
  Zenata (Vaults:2)
  Gastronok (Lair:3)
  Frances (Swamp:2)
  Kirke (Spider:1)
  4 thorn hunters
  Donald (Swamp:2)
  Roxanne (Swamp:2)
  6 emperor scorpions
  2 fenstrider witches
  4 vault wardens
  2 ghost moths (Spider:4)
  13 ironbound preservers
  2 war gargoyles
  An orc warlord (Vaults:1)
  A broodmother (Spider:3)
  The ghost of Bekuax the Gelid, a journeyman MfIE of Gozag (Lair:4)
  5 ironbound thunderhulks
  2 deep elf demonologists
  3 dire elephants (Vaults:3)
  5 eleionomae
  2 spark wasps
  2 bunyips (Swamp:2)
  Fannar (Lair:3)
  5 great orbs of eyes
  5 shambling mangroves
  A crystal guardian (Vaults:2)
  3 yaktaur captains
  19 hydras
  2 peacekeepers
  4 vault guards
  A death knight (Vaults:2)
  3 ironbound frosthearts
  A catoblepas (Lair:4)
  4 centaur warriors
  2 jorogumos
  A merfolk avatar (Lair:5)
  9 alligators
  A radroach (Spider:4)
  21 dancing weapons
  3 two-headed ogres
  8 boulder beetles
  10 death yaks
  2 orc high priests (Orc:2)
  2 spriggan berserkers
  A tengu warrior (D:13)
  6 deep elf knights
  6 demonic crawlers
  3 skysharks
  A fire crab (Lair:4)
  A sun moth (Spider:2)
  2 goliath frogs (Swamp:2)
  3 pharaoh ants
  3 skeletal warriors
  39 deep trolls
  4 swamp dragons
  6 bog bodies
  7 orb spiders
  An orc knight (Orc:2)
  2 deep elf archers (Elf:1)
  4 spriggan druids
  4 lindwurms
  3 orange crystal statues
  A wizard (Vaults:2)
  18 ironbound convokers
  3 orc sorcerers
  11 deep elf zephyrmancers
  4 steelbarb worms
  2 harpies
  5 necromancers
  8 deep elf pyromancers
  An oklob plant (Lair:1)
  19 wolf spiders
  13 ugly things
  5 manticores
  5 cyclopes
  2 moths of wrath
  A will-o-the-wisp (Swamp:1)
  2 black mambas
  A stone giant zombie (Vaults:4)
  5 elephants (Lair:5)
  3 ice statues (IceCv)
  A black mamba (shapeshifter) (D:15)
  9 vault sentinels
  10 cane toads
  2 torpor snails
  A cane toad (shapeshifter) (D:15)
  2 freezing wraiths
  22 yaktaurs
  3 rime drakes
  An elf skeleton (Vaults:4)
  7 komodo dragons
  An efreet (D:14)
  A tengu conjurer (D:9)
  2 bloated husks (Swamp:2)
  5 trolls
  3 polar bears
  A tarantella (shapeshifter) (D:13)
  14 tyrant leeches
  A large abomination (Elf:1)
  22 blink frogs
  23 hornets
  22 tarantellas
  Sigmund (D:2)
  A shadow (D:10)
  31 jumping spiders
  13 spriggans
  25 slime creatures
  24 culicivoras
  A water elemental (Elf:1)
  An air elemental (Elf:2)
  A dire elephant simulacrum (IceCv)
  37 yaks
  A wyvern (shapeshifter) (Elf:1)
  2 spriggan skeletons (D:15)
  A fire elemental (Elf:2)
  3 wyverns
  4 basilisks
  38 redbacks
  2 steam dragons
  3 hogs (Spider:1)
  2 death yak simulacra (IceCv)
  7 vampire mosquitoes
  4 wargs
  8 swamp worms
  A harpy simulacrum (IceCv)
  An acid dragon (D:12)
  6 water moccasins
  8 orc warriors
  12 swamp drakes
  A black bear (D:7)
  3 ogres
  4 wolves (Lair:1)
  8 boggarts
  3 centaurs
  A phantom (D:7)
  A kobold brigand (D:10)
  11 bullfrogs
  3 elf zombies (Elf:1)
  2 gnoll sergeants
  A cane toad simulacrum (IceCv)
  2 scorpions
  6 killer bees
  The ghost of Onasty the Ducker, a weakling MfGl (D:3)
  3 howler monkeys (D:9)
  4 electric eels
  A lava snake (Lair:1)
  A quasit (D:5)
  10 jellies
  6 orc priests
  A hound (D:7)
  Crazy Yiuf (D:3)
  A gnoll bouda (D:7)
  2 sleepcaps (D:4)
  8 iguanas
  Ijyb (D:5)
  Natasha (thrice) (D:3)
  8 orc wizards
  A polar bear simulacrum (IceCv)
  5 gnolls
  6 adders
  A shadow imp (D:4)
  2 white imps (D:5)
  2 ufetubi
  2 worms
  3 dart slugs
  34 orcs
  11 endoplasms
  3 giant cockroaches
  9 goblins
  8 jackals
  2 quokkas (D:3)
  12 ball pythons
  6 bats
  2 frilled lizards
  8 kobolds
  6 rats
988 creatures vanquished.

Vanquished Creatures (collateral kills)
  Saint Roka (Orc:2)
  Jorgrun (Swamp:3)
  3 sphinxes
  The ghost of bahustanut the Severer, an adept HOGl of Beogh (Swamp:4)
  A fire giant (Vaults:1)
  The ghost of bakla the Marksdemigod, a journeyman DgHu (Swamp:3)
  3 vault wardens (Vaults:4)
  2 emperor scorpions (Spider:4)
  2 ghost moths
  A ghoul (Swamp:1)
  4 ironbound preservers
  A formless jellyfish (Vaults:4)
  3 ironbound thunderhulks
  An eleionoma (Swamp:2)
  A dire elephant (Vaults:3)
  The ghost of Dasappa the Fighter, a journeyman MiBe of Trog (Lair:4)
  A deep elf death mage (Elf:1)
  A fire dragon (D:13)
  An entropy weaver (Vaults:3)
  3 yaktaur captains
  A great orb of eyes (Vaults:3)
  A sphinx zombie (Vaults:4)
  2 vault guards
  Harold (Lair:1)
  6 hydras
  5 alligators
  2 ironbound frosthearts
  2 boulder beetles
  3 centaur warriors
  2 peacekeepers
  6 dancing weapons
  3 two-headed ogres
  A vampire mage (D:15)
  4 death yaks
  A titan zombie (Vaults:4)
  A nameless horror (Lair:2)
  7 demonic crawlers
  4 orc high priests
  4 deep elf knights
  2 sun moths
  A goliath frog (Swamp:1)
  2 pharaoh ants
  A spriggan druid (Swamp:4)
  15 deep trolls
  A swamp dragon (Swamp:4)
  2 lindwurms
  5 orc knights
  A tengu zombie (D:15)
  3 wizards
  6 ironbound convokers
  A deep elf archer (Elf:2)
  A harpy (Lair:4)
  3 deep elf zephyrmancers
  A necromancer (D:15)
  9 deep elf pyromancers
  9 ugly things
  A fire giant zombie (Vaults:4)
  A steelbarb worm (Spider:2)
  2 will-o-the-wisps
  2 orc sorcerers (Orc:2)
  4 wolf spiders
  A manticore (D:11)
  4 vault sentinels
  A moth of wrath (Swamp:4)
  An elephant (Lair:5)
  2 black mambas (Lair:4)
  2 torpor snails
  6 cane toads
  An unseen horror (shapeshifter) (D:15)
  A gargoyle (D:12)
  2 unseen horrors
  7 komodo dragons
  An efreet (D:9)
  2 rime drakes
  A troll (D:9)
  5 tarantellas
  5 hornets
  A spriggan zombie (D:15)
  8 slime creatures
  4 jumping spiders
  2 shadows
  6 culicivoras
  2 spriggans
  3 wraiths
  A knight (Swamp:1)
  2 basilisks
  A water elemental (Elf:1)
  20 yaks
  A wyvern (Lair:4)
  A fire elemental (Elf:1)
  A human (D:9)
  2 steam dragons
  5 redbacks
  3 vampire mosquitoes
  2 acid dragons
  A harpy simulacrum (IceCv)
  6 swamp worms
  4 water moccasins
  15 orc warriors
  An ice beast (D:6)
  3 swamp drakes
  2 sky beasts
  A black bear (D:6)
  4 boggarts
  An ogre (shapeshifter) (D:15)
  An elf zombie (Elf:1)
  A kobold brigand (D:8)
  5 bullfrogs
  A scorpion (D:6)
  4 killer bees
  3 electric eels
  3 howler monkeys
  A lava snake (Lair:1)
  5 jellies (Lair:4)
  2 hounds (D:7)
  6 orc priests
  A sleepcap (D:6)
  10 orc wizards
  2 adders
  5 gnolls
  23 orcs
  A bat (D:3)
  A hobgoblin (D:2)
  4 jackals (D:1)
  5 kobolds
  A quokka (D:3)
  2 ball pythons
  41 ball lightnings
435 creatures vanquished.

Vanquished Creatures (others)
  Aizul (Swamp:2)
  A fire giant (D:13)
  A yaktaur captain (Vaults:1)
  A deep elf archer (Elf:2)
  A will-o-the-wisp (Swamp:1)
  6 yaktaurs
  2 bloated husks
  A water moccasin (Lair:5)
  An orc priest (Orc:2)
  A jelly (Lair:4)
  36 knights
  An orc wizard (Orc:2)
  An ancestor (D:2)
  1060 ball lightnings
  15 foxfires
1129 creatures vanquished.

Grand Total: 2552 creatures vanquished

Notes
Turn   | Place    | Note
-------+----------+-------------------------------------------
     0 | D:5      | cforsyth the Djinni Delver began the quest for the Orb.
     0 | D:5      | Reached XP level 1. HP: 20/20 MP: 0/0
     5 | D:5      | Noticed an iguana
   161 | D:4      | Noticed an iguana
   191 | D:4      | Reached XP level 2. HP: 18/25 MP: 0/0
   295 | D:4      | Reached skill level 1 in Spellcasting
   295 | D:4      | Reached skill level 1 in Conjurations
   295 | D:4      | Reached skill level 1 in Hexes
   295 | D:4      | Reached skill level 1 in Summonings
   295 | D:4      | Reached skill level 1 in Necromancy
   295 | D:4      | Reached skill level 1 in Translocations
   295 | D:4      | Reached skill level 1 in Transmutations
   295 | D:4      | Reached skill level 1 in Fire Magic
   295 | D:4      | Reached skill level 1 in Ice Magic
   295 | D:4      | Reached skill level 1 in Air Magic
   295 | D:4      | Reached skill level 1 in Earth Magic
   295 | D:4      | Reached skill level 1 in Poison Magic
   305 | D:4      | Reached XP level 3. HP: 30/30 MP: 0/0
   305 | D:4      | Learned a level 1 spell: Slow
   388 | D:4      | Reached XP level 4. HP: 15/37 MP: 0/0
   499 | D:4      | Reached skill level 4 in Fighting
   560 | D:5      | Noticed Ijyb
   614 | D:5      | Reached XP level 5. HP: 41/41 MP: 0/0
   614 | D:5      | Learned a level 2 spell: Searing Ray
   704 | D:5      | Killed Ijyb
   895 | D:5      | Reached XP level 6. HP: 26/49 MP: 0/0
  1182 | D:5      | Reached skill level 5 in Fighting
  1244 | D:5      | Found a staircase to the Ecumenical Temple.
  1252 | Temple   | Entered the Ecumenical Temple
  1263 | Temple   | Became a worshipper of Hepliaklqana the Forgotten
  1277 | D:5      | Noticed an ogre
  1285 | D:5      | Killed an ogre
  1336 | D:5      | Reached XP level 7. HP: 46/54 MP: 0/0
  1336 | D:5      | Learned a level 3 spell: Dazzling Flash
  1903 | D:4      | Reached skill level 6 in Fighting
  2023 | D:5      | Identified the +1 falchion of Woe {heavy, Str+4}
  2383 | D:3      | Found a bloodstained altar of Trog.
  2440 | D:3      | Found a runed translucent door.
  2481 | D:3      | Noticed Natasha
  2486 | D:3      | Killed Natasha
  2569 | D:3      | Found a runed translucent door.
  2580 | D:3      | Noticed Onasty's ghost (weakling MfGl)
  2621 | D:3      | Found a shimmering altar of Xom.
  2639 | D:3      | Reached * piety under Hepliaklqana
  2768 | D:3      | Found a runed translucent door.
  2768 | D:3      | Noticed Natasha
  2769 | D:3      | Noticed Crazy Yiuf
  2871 | D:3      | Found a glowing golden altar of the Shining One.
  2878 | D:3      | Found a burning altar of Makhleb.
  3112 | D:2      | Noticed Sigmund
  3184 | D:2      | Killed Sigmund
  3185 | D:2      | Reached XP level 8. HP: 51/55 MP: 0/0
  3710 | D:2      | Reached ** piety under Hepliaklqana
  3711 | D:2      | Remembered your ancestor Xochitl as a knight
  3933 | D:2      | Found a faded altar of an unknown god.
  4254 | D:1      | Found Jumul's Antique Armour Shop.
  4831 | D:3      | Killed Crazy Yiuf
  4837 | D:3      | Killed Natasha
  4838 | D:3      | Reached skill level 7 in Fighting
  4904 | D:3      | Found a bloodstained altar of Trog.
  4967 | D:3      | Noticed Natasha
  4974 | D:3      | Killed Natasha
  5027 | D:3      | Found a runed translucent door.
  5057 | D:3      | Found a runed translucent door.
  5231 | D:3      | Found a shimmering altar of Xom.
  5381 | D:3      | Found a glowing golden altar of the Shining One.
  5381 | D:3      | Found a burning altar of Makhleb.
  5528 | D:3      | Killed Onasty's ghost
  5824 | D:6      | Reached skill level 5 in Spellcasting
  5824 | D:6      | Reached skill level 5 in Conjurations
  5824 | D:6      | Reached skill level 5 in Hexes
  5824 | D:6      | Reached skill level 5 in Summonings
  5824 | D:6      | Reached skill level 5 in Necromancy
  5824 | D:6      | Reached skill level 5 in Translocations
  5824 | D:6      | Reached skill level 5 in Transmutations
  5824 | D:6      | Reached skill level 5 in Fire Magic
  5824 | D:6      | Reached skill level 5 in Ice Magic
  5824 | D:6      | Reached skill level 5 in Air Magic
  5824 | D:6      | Reached skill level 5 in Earth Magic
  5824 | D:6      | Reached skill level 5 in Poison Magic
  5885 | D:6      | Reached skill level 8 in Fighting
  5885 | D:6      | Reached XP level 9. HP: 60/63 MP: 0/0
  5885 | D:6      | Learned a level 3 spell: Swiftness
  6024 | D:6      | Reached *** piety under Hepliaklqana
  6209 | D:6      | Found a sacrificial altar of Ru.
  6377 | D:7      | Reached skill level 1 in Shields
  6508 | D:7      | Found a snail-covered altar of Cheibriados.
  6846 | D:7      | Found a hide-covered altar of Uskayaw.
  6973 | D:8      | Reached skill level 9 in Fighting
  7161 | D:8      | Reached XP level 10. HP: 70/70 MP: 0/0
  7242 | D:8      | Reached skill level 5 in Shields
  7312 | D:8      | Found an opulent altar of Gozag.
  7539 | D:8      | Noticed an orange crystal statue
  8029 | D:8      | Found a white marble altar of Elyvilon.
  8328 | D:9      | Noticed a komodo dragon
  8335 | D:9      | Killed a komodo dragon
  8351 | D:9      | Found a staircase to the Lair.
  8442 | D:9      | Reached **** piety under Hepliaklqana
  8571 | D:9      | Noticed an efreet
  8580 | D:9      | Killed an efreet
  8603 | D:9      | Identified a scroll of acquirement
  8884 | D:9      | Noticed a boulder beetle
  8899 | D:9      | Killed a boulder beetle
  8900 | D:9      | Reached skill level 10 in Fighting
  8900 | D:9      | Reached XP level 11. HP: 75/76 MP: 0/0
  8900 | D:9      | Learned a level 5 spell: Alistair's Intoxication
  9122 | D:9      | Found a staircase to the Orcish Mines.
  9762 | D:10     | Entered Level 10 of the Dungeon
 10001 | D:10     | Found an iron altar of Okawaru.
 10606 | D:11     | Noticed a two-headed ogre
 10607 | D:11     | Reached ***** piety under Hepliaklqana
 10658 | D:11     | Killed a two-headed ogre
 10659 | D:11     | Reached skill level 11 in Fighting
 11151 | D:11     | Noticed a two-headed ogre
 11221 | D:11     | Noticed a two-headed ogre
 11230 | D:11     | Killed a two-headed ogre
 11282 | D:11     | Noticed a boulder beetle
 11326 | D:11     | Killed a boulder beetle
 11377 | D:11     | Killed a two-headed ogre
 11412 | D:11     | Noticed a manticore
 11544 | D:11     | Noticed a two-headed ogre
 11550 | D:11     | Killed a two-headed ogre
 11579 | D:11     | Killed a manticore
 11580 | D:11     | Reached XP level 12. HP: 78/84 MP: 0/0
 11943 | D:12     | Reached skill level 10 in Shields
 11969 | D:12     | Reached skill level 12 in Fighting
 11983 | D:12     | Found a portal to a secret trove of treasure.
 12728 | D:12     | Identified the +9 falchion of the Seer {flame, Dex+3}
 12728 | D:12     | Noticed a centaur warrior
 13565 | D:12     | Killed a centaur warrior
 13964 | D:12     | Noticed a boulder beetle
 14000 | D:12     | Killed a boulder beetle
 14213 | D:12     | Reached skill level 13 in Fighting
 14360 | D:12     | Noticed a boulder beetle
 14392 | D:12     | Killed a boulder beetle
 14433 | D:12     | Reached XP level 13. HP: 92/92 MP: 0/0
 14433 | D:12     | Learned a level 5 spell: Lee's Rapid Deconstruction
 14472 | D:12     | Noticed an ogre mage
 14878 | Lair:1   | Entered Level 1 of the Lair of Beasts
 15530 | Lair:1   | Reached skill level 10 in Spellcasting
 15530 | Lair:1   | Reached skill level 10 in Conjurations
 15530 | Lair:1   | Reached skill level 10 in Hexes
 15530 | Lair:1   | Reached skill level 10 in Summonings
 15530 | Lair:1   | Reached skill level 10 in Necromancy
 15530 | Lair:1   | Reached skill level 10 in Translocations
 15530 | Lair:1   | Reached skill level 10 in Transmutations
 15530 | Lair:1   | Reached skill level 10 in Fire Magic
 15530 | Lair:1   | Reached skill level 10 in Ice Magic
 15530 | Lair:1   | Reached skill level 10 in Air Magic
 15530 | Lair:1   | Reached skill level 10 in Earth Magic
 15530 | Lair:1   | Reached skill level 10 in Poison Magic
 15532 | Lair:1   | Noticed Harold
 15547 | Lair:1   | Killed Harold
 15548 | Lair:1   | Reached skill level 14 in Fighting
 16787 | Lair:2   | Found a frozen archway.
 16815 | IceCv    | Entered an ice cave
 16909 | IceCv    | Reached skill level 15 in Fighting
 16926 | IceCv    | Identified the +2 pair of gloves "Futaipn" {-Tele Rampage
                  | rPois Stlth+}
 17086 | Lair:2   | Reached XP level 14. HP: 84/102 MP: 0/0
 17193 | Lair:2   | Found a hole to the Spider Nest.
 17342 | Lair:2   | Found the +8 trident of the Octopus King {venom, rElec
                  | rPois}
 17910 | Lair:3   | Found a sparkling altar of Nemelex Xobeh.
 17914 | Lair:3   | Noticed Fannar
 18060 | Lair:3   | Killed Fannar
 18333 | Lair:3   | Found a staircase to the Swamp.
 18367 | Lair:3   | Noticed Gastronok
 18450 | Lair:3   | Reached skill level 16 in Fighting
 18740 | Lair:3   | Reached ****** piety under Hepliaklqana
 19070 | Lair:4   | Found a staircase to the Slime Pits.
 19071 | Lair:4   | Found a viscous altar of Jiyva.
 19234 | Lair:4   | Found a runed translucent gate.
 19234 | Lair:4   | Found a runed translucent gate.
 19234 | Lair:4   | Found a runed translucent gate.
 19242 | Lair:4   | Noticed Dasappa's ghost (journeyman MiBe)
 19242 | Lair:4   | Noticed Bekuax's ghost (journeyman MfIE)
 19482 | Lair:3   | Killed Gastronok
 20321 | Lair:4   | Reached XP level 15. HP: 87/109 MP: 0/0
 20321 | Lair:4   | Learned a level 6 spell: Conjure Ball Lightning
 21001 | Lair:5   | Entered Level 5 of the Lair of Beasts
 21289 | Lair:4   | Reached skill level 17 in Fighting
 23126 | Orc:1    | Entered Level 1 of the Orcish Mines
 23383 | Orc:2    | Entered Level 2 of the Orcish Mines
 23383 | Orc:2    | Noticed Saint Roka
 23697 | Orc:1    | Reached skill level 18 in Fighting
 24183 | Orc:2    | Killed Saint Roka
 24534 | Orc:2    | Found a staircase to the Elven Halls.
 24713 | Orc:2    | Reached XP level 16. HP: 111/118 MP: 0/0
 25660 | Orc:2    | Found Osoroafi's Weapon Boutique.
 25660 | Orc:2    | Found Kaqoxoroy's Book Emporium.
 25662 | Orc:2    | Found Gamin's Jewellery Boutique.
 25662 | Orc:2    | Found Downasarph's Assorted Antiques.
 25671 | Orc:2    | Bought a translucent long sword for 263 gold pieces
 25671 | Orc:2    | Identified the +7 long sword of the Eternal Void {protect,
                  | rElec rC- Int+5} (You bought it in a shop on level 2 of the
                  | Orcish Mines)
 25678 | Orc:2    | Bought the ring of Pemall {rElec rC+ Str+4 Int+2} for 722
                  | gold pieces
 25869 | D:13     | Reached skill level 5 in Dodging
 26145 | D:13     | Found Runazat's General Store.
 26153 | D:13     | Bought a scroll of blinking for 105 gold pieces
 26153 | D:13     | Bought a potion of heal wounds for 70 gold pieces
 26251 | D:13     | Found Koagg's Assorted Antiques.
 26260 | D:13     | Bought a dyed leather armour for 175 gold pieces
 26260 | D:13     | Bought a scroll of identify for 70 gold pieces
 26260 | D:13     | Bought a scroll of fear for 140 gold pieces
 26260 | D:13     | Bought a potion of curing for 105 gold pieces
 26328 | D:13     | Noticed a fire giant
 26337 | D:13     | Killed a fire giant
 26506 | D:13     | Found Tuerauxisk's Book Shoppe.
 26561 | D:13     | Found Eraen's Assorted Antiques.
 26564 | D:13     | Bought a scroll labelled ADDU QAEHOFIQ for 34 gold pieces
 26564 | D:13     | Bought a scroll of teleportation for 102 gold pieces
 26564 | D:13     | Bought a scroll of teleportation for 102 gold pieces
 27139 | D:14     | Found a gate to the Vaults.
 27631 | D:15     | Entered Level 15 of the Dungeon
 27933 | D:15     | Found a stormy altar of Qazlal.
 28247 | D:15     | Found a staircase to the Depths.
 28722 | Spider:1 | Entered Level 1 of the Spider Nest
 28725 | Spider:1 | Reached skill level 19 in Fighting
 29881 | Lair:2   | Reached XP level 17. HP: 124/126 MP: 0/0
 29881 | Lair:2   | Learned a level 7 spell: Spellforged Servitor
 31128 | Spider:1 | Identified the ring "Soschato" {rPois rF+ rC+ Will-}
 31198 | Spider:1 | Noticed Kirke
 31202 | Spider:1 | Killed Kirke
 32778 | Spider:2 | Identified the +6 scale mail of Vuqotuunt {Dex+3}
 32808 | Spider:2 | Reached skill level 10 in Dodging
 32975 | Spider:2 | Found a runed translucent gate.
 32975 | Spider:2 | Found a runed translucent gate.
 32975 | Spider:2 | Found a runed translucent gate.
 32976 | Spider:2 | Noticed puppykicker's ghost (adept BaIE)
 33477 | Spider:3 | Noticed Mara
 33498 | Spider:3 | Killed Mara
 33499 | Spider:3 | Reached skill level 20 in Fighting
 33636 | Spider:3 | HP: 3/106 [jorogumo/bolt of negative energy (46)]
 34239 | Spider:3 | Reached XP level 18. HP: 104/114 MP: 0/0
 35226 | Spider:4 | Entered Level 4 of the Spider Nest
 37695 | Spider:4 | Reached skill level 15 in Spellcasting
 37695 | Spider:4 | Reached skill level 15 in Conjurations
 37695 | Spider:4 | Reached skill level 15 in Hexes
 37695 | Spider:4 | Reached skill level 15 in Summonings
 37695 | Spider:4 | Reached skill level 15 in Necromancy
 37695 | Spider:4 | Reached skill level 15 in Translocations
 37695 | Spider:4 | Reached skill level 15 in Transmutations
 37695 | Spider:4 | Reached skill level 15 in Fire Magic
 37695 | Spider:4 | Reached skill level 15 in Ice Magic
 37695 | Spider:4 | Reached skill level 15 in Air Magic
 37695 | Spider:4 | Reached skill level 15 in Earth Magic
 37695 | Spider:4 | Reached skill level 15 in Poison Magic
 38266 | Spider:4 | Got a gossamer rune of Zot
 38534 | Swamp:1  | Entered Level 1 of the Swamp
 38922 | Swamp:1  | Found a transporter.
 39292 | Swamp:1  | Found a transporter.
 39469 | Swamp:2  | Noticed Donald
 39472 | Swamp:2  | Noticed a tentacled monstrosity
 39558 | Swamp:2  | Killed Donald
 39653 | Swamp:2  | Noticed Aizul
 39659 | Swamp:2  | Killed Aizul
 39707 | Swamp:2  | Reached skill level 21 in Fighting
 39707 | Swamp:2  | Reached XP level 19. HP: 127/142 MP: 0/0
 39707 | Swamp:2  | Learned a level 7 spell: Orb of Destruction
 39759 | Swamp:2  | Noticed Roxanne
 39773 | Swamp:2  | Killed Roxanne
 39860 | Swamp:2  | Noticed Frances
 39873 | Swamp:2  | Killed Frances
 39904 | Swamp:2  | Killed a tentacled monstrosity
 40341 | Swamp:3  | Noticed Jorgrun
 40351 | Swamp:3  | Killed Jorgrun
 40775 | Swamp:3  | Noticed bakla's ghost (journeyman DgHu)
 40775 | Swamp:3  | Found a runed translucent door.
 41092 | Swamp:4  | Entered Level 4 of the Swamp
 41391 | Swamp:4  | Found a runed translucent door.
 41394 | Swamp:4  | Noticed bahustanut's ghost (adept HOGl)
 41540 | Swamp:4  | Got a decaying rune of Zot
 42360 | D:8      | Identified the +0 robe of Thoughtfulness {rElec Str+2}
 42362 | D:8      | Identified the +6 leather armour of the Evening {Str+4
                  | Int+2 Dex-4}
 42522 | Lair:4   | Killed Bekuax's ghost
 42531 | Lair:4   | Killed Dasappa's ghost
 42738 | Swamp:1  | Reached XP level 20. HP: 59/150 MP: 0/0
 42846 | Swamp:1  | Reached skill level 15 in Dodging
 42874 | Swamp:1  | Identified the +2 hat of the Yeti {Will+ Int+3}
 42971 | Swamp:3  | Killed bakla's ghost
 43043 | Swamp:4  | Killed bahustanut's ghost
 43532 | Vaults:1 | Entered Level 1 of the Vaults
 43637 | Vaults:1 | Reached skill level 22 in Fighting
 45912 | Vaults:2 | Noticed Jory
 45940 | Vaults:2 | HP: 4/152 [ironbound thunderhulk/bolt of lightning (16)]
 46083 | Vaults:2 | Reached XP level 21. HP: 139/157 MP: 0/0
 46083 | Vaults:2 | Learned a level 7 spell: Enfeeble
 46711 | Vaults:2 | Found a staircase to the Crypt.
 46763 | Vaults:2 | Noticed Zenata
 46771 | Vaults:2 | Killed Zenata
 47088 | Vaults:2 | Killed Jory
 47956 | Vaults:3 | Reached skill level 23 in Fighting
 49614 | Vaults:4 | Reached XP level 22. HP: 165/165 MP: 0/0
 50611 | Elf:1    | Entered Level 1 of the Elven Halls
 51023 | Elf:1    | Found Didycucs's Book Shoppe.
 51024 | Elf:1    | Found Qulew's Jewellery Boutique.
 51024 | Elf:1    | Found Ficw's Jewellery Boutique.
 51883 | Elf:2    | Paralysed by an air elemental for 1 turns
 51913 | Elf:2    | Found a gateway to a bazaar.
 51965 | Bazaar   | Entered a bazaar
 51971 | Bazaar   | Found Siyjur's Book Shop.
 51971 | Bazaar   | Found Inounias's Jewellery Boutique.
 51981 | Bazaar   | Bought the ring of the Mage {Wiz Archmagi} for 663 gold
                  | pieces
 51981 | Bazaar   | Found the ring of the Mage {Wiz Archmagi}
 52388 | Elf:2    | Found a huge runed translucent gate.
 52388 | Elf:2    | Found a huge runed translucent gate.
 52388 | Elf:2    | Found a huge runed translucent gate.
 52388 | Elf:2    | Found a huge runed translucent gate.
 52389 | Elf:2    | Found a huge runed translucent gate.
 52699 | Elf:2    | Reached skill level 24 in Fighting
 52769 | Elf:2    | Killed from afar by a deep elf knight

Illustrated notes

Levels and vault maps discovered:
D:1:      psy_arrival_radial01, layout_basic, serial_shops, shop
D:2:      layout_loops_ring, shapermc_ecumenical_altar_hornbeckon,
          chequers_serial_rivers_micro_b, uniq_sigmund
D:3:      layout_basic, tgw_xom, mainiacjoe_overflow_chevrons,
          amethyst_overflow_temple_binary, ebering_ghost_sewer_f,
          uniq_crazy_yiuf_cottage, uniq_natasha
D:4:      layout_loops_ring
D:5:      layout_basic, marbit_many_paths, minmay_temple_entry_slanted,
          serial_demonic, serial_demonic_d, serial_demonic_a, serial_demonic_a,
          serial_demonic_c, serial_demonic_g, kennysheep_generic_room_4,
          uniq_ijyb
D:6:      layout_basic, kennysheep_mini, item_on_display_a
D:7:      layout_rooms, general_overflow_altar, cheibrodos_worm_habitat
D:8:      statuecave_lemuel, layout_gridville, nicolae_elyvilon_peaceful_grove,
          grunt_gozag_statues
D:9:      layout_stronghold, david_lair_shrubbed, erik_orc_4,
          serial_column_ruins, column_ruins_square_large, column_ruins_hut,
          column_ruins_corridor_corner, column_ruins_open_tiny,
          column_ruins_columns_straight, column_ruins_columns_straight,
          column_ruins_grid_1
D:10:     layout_gridville, mainiacjoe_overflow_six_doors_small
D:11:     kennysheep_blocky_hall, layout_basic
D:12:     layout_basic, enter_trove_2, st_stairs_8, hex_large,
          nrook_mini_vaults, minmay_pinched_square
D:13:     layout_rooms, serial_shops, shop, nicolae_shop_back_alley_shop, shop,
          nicolae_shop_behind_doors, minmay_evil_grid
D:14:     layout_basic, erik_vaults_1, nicolae_titane
D:15:     gammafunk_depths_entry_grave, layout_basic, grunt_qazlal_clouds
Temple:   hellmonk_temple_of_storms
Lair:1:   layout_gridlike, serial_bayou_shore_a, grunt_megastairs_3,
          infiniplex_staircase_pool, uniq_harold
Lair:2:   layout_roguey, nicolae_spider_entry_lesser_pyramids,
          portal_ice_cave_rime
Lair:3:   layout_hall_layers, palyth_hydra_swamp_entry, basic_altar,
          uniq_fannar, uniq_gastronok
Lair:4:   layout_small_grid, minmay_slime_entry_jelly_boxes,
          gammafunk_ghost_cemetery
Lair:5:   gammafunk_lair_ancient_temple, layout_gridlike, serial_bayou_shore_b
Swamp:1:  gammafunk_sealed_arena, layout_falls_marsh, serial_swamp_ruin,
          evilmike_swamp_ruin_house_2, evilmike_swamp_ruin_house_3
Swamp:2:  layout_basic_swamp, hangedman_swamp_cone, swamp_pool1, uniq_roxanne,
          uniq_frances, uniq_aizul, uniq_donald
Swamp:3:  layout_basic_swamp, ebering_ghost_reflecting_pool,
          evilmike_swamp_ruin_house_6, swamp_pool4, uniq_jorgrun
Swamp:4:  swamp_basic_johnstein, layout_basic_swamp, ebering_ghost_inner_flame,
          swamp_pool2, worms_lemuel
Spider:1: layout_spider_delve, uniq_kirke
Spider:2: layout_cave_pods, ebering_ghost_rock_garden
Spider:3: layout_chambers, hangedman_spider_tarantella_strand, uniq_mara
Spider:4: grunt_spider_rune_circles
Orc:1:    layout_caves
Orc:2:    grunt_orc_tribal_feast, layout_caves, uniq_saint_roka
Elf:1:    nicolae_elf_arrival_no_cutting_in_line, layout_gridlike,
          minmay_elf_necromancy, amcnicky_mini_corridor_feature,
          grunt_ministairs_3, grunt_megastairs_5, minmay_shop_grove
Elf:2:    elven_hall_of_blades_hangedman_alternative
          [nicolae_blade_little_rooms], layout_loops_cross, serial_shops,
          statue_bzr
Vaults:1: nicolae_vaults_triangles, nicolae_vaults_trapezoid_layered,
          nicolae_vaults_meiosis, hangedman_vaults_variations, v_misc_16,
          nicolae_vaults_sesquioval_fish, nicolae_vaults_c_with_doors,
          vaults_room_stairs_pillars, grunt_vaults_funnel,
          hangedman_vaults_corner_blocks, hangedman_vaults_cutoff,
          layout_vaults_omnibox
Vaults:2: minmay_crypt_entry_simple_walls, v_alt_pattern_5,
          nicolae_vaults_layer_cake_slice, vaults_room_hallway,
          nicolae_vaults_what_the_h, nicolae_vaults_more_shelving_1,
          nicolae_vaults_oval_intersection, nicolae_vaults_little_squares_5,
          vaults_dpeg_ring, layout_vaults_omnigrid, uniq_jory, uniq_zenata
Vaults:3: nicolae_vaults_circle_grid_b, vaults_mumra_minichess,
          hangedman_vaults_unwind, v_misc_27, vaults_mumra_chevron,
          nicolae_vaults_murderbox, nicolae_vaults_trapezoid_2,
          nicolae_vaults_turnstiles, v_misc_12,
          nicolae_vaults_storage_room_doors, v_misc_25,
          nicolae_vaults_double_plus_1, v_alt_pattern_4, nicolae_vaults_two_Ls,
          nicolae_vaults_apartment_1, nicolae_vaults_theta,
          layout_vaults_omnicross
Vaults:4: vaults_dpeg_encased_lava, v_misc_24, hangedman_vaults_nails,
          ontoclasm_vaults_spin, nicolae_vaults_trapezoid_lopsided_1,
          nicolae_vaults_tangram_2, ontoclasm_vaults_ring_large, v_misc_16,
          hangedman_vaults_trim, layout_vaults_ring

Skill      XL: |  1  2  3  4  5  6  7  8  9 10 11 12 13 14 15 16 17 18 19 20 21 22 |
---------------+-------------------------------------------------------------------+-----
Spellcasting   | 1 2 3 4 5 6 7 8 9 11 12 13 14 15 16 17 | 17.9
Conjurations   | 1 2 3 4 5 6 7 8 9 11 12 13 14 15 16 17 | 17.9
Hexes          | 1 2 3 4 5 6 7 8 9 11 12 13 14 15 16 17 | 17.9
Summonings     | 1 2 3 4 5 6 7 8 9 11 12 13 14 15 16 17 | 17.9
Necromancy     | 1 2 3 4 5 6 7 8 9 11 12 13 14 15 16 17 | 17.9
Translocations | 1 2 3 4 5 6 7 8 9 11 12 13 14 15 16 17 | 17.9
Transmutations | 1 2 3 4 5 6 7 8 9 11 12 13 14 15 16 17 | 17.9
Fire Magic     | 1 2 3 4 5 6 7 8 9 11 12 13 14 15 16 17 | 17.9
Ice Magic      | 1 2 3 4 5 6 7 8 9 11 12 13 14 15 16 17 | 17.9
Air Magic      | 1 2 3 4 5 6 7 8 9 11 12 13 14 15 16 17 | 17.9
Earth Magic    | 1 2 3 4 5 6 7 8 9 11 12 13 14 15 16 17 | 17.9
Poison Magic   | 1 2 3 4 5 6 7 8 9 11 12 13 14 15 16 17 | 17.9
Fighting       | 4 5 6 8 9 10 11 13 15 16 18 19 20 21 22 23 24 | 24.0
Shields        | 4 7 9 10 | 10.0
Dodging        | 3 8 11 13 14 16 17 18 | 18.9
Long Blades    | |  1.7
Stealth        | |  4.1

Action                     |  1- 3 |  4- 6 |  7- 9 | 10-12 | 13-15 | 16-18 | 19-21 | 22-24 || total
---------------------------+-------+-------+-------+-------+-------+-------+-------+-------++-------
  Melee: Falchion          |    44 |   113 |   356 |   443 |   129 |       |       |       ||  1085
         Punch             |       |     2 |     1 |       |       |       |       |       ||     3
         Trident           |       |       |       |       |   362 |   309 |    22 |       ||   693
   Cast: Searing Ray       |       |     3 |       |       |       |       |       |       ||     3
         Lee's Rapid Decon |       |       |       |       |   261 |   413 |    70 |    75 ||   819
         Swiftness         |       |       |       |       |     1 |       |       |       ||     1
         Conjure Ball Ligh |       |       |       |       |     4 |   101 |   302 |    74 ||   481
         Spellforged Servi |       |       |       |       |       |     1 |     6 |       ||     7
         Orb of Destructio |       |       |       |       |       |       |     3 |       ||     3
 Invoke: Ancestor Life: Kn |       |       |     1 |       |       |       |       |       ||     1
         Recall Ancestor   |       |       |       |     9 |    10 |    12 |     1 |       ||    32
  Evoke: Wand              |       |     4 |     4 |     8 |     2 |     3 |       |       ||    21
    Use: Scroll            |     1 |       |       |    19 |     8 |    14 |     3 |     3 ||    48
         Potion            |       |       |     1 |     1 |     9 |     2 |     2 |       ||    15
   Stab: Sleeping          |     2 |     1 |    17 |     3 |     8 |     4 |     1 |       ||    36
         Distracted        |       |       |     5 |     5 |     8 |     2 |       |       ||    20
         Paralysed         |       |       |       |     9 |       |       |       |       ||     9
         Petrified         |       |       |       |       |     1 |       |       |       ||     1
 Armour: Leather armour    |    20 |    54 |    67 |       |       |       |       |       ||   141
         Robe              |       |       |   179 |   218 |       |       |       |       ||   397
         Troll leather arm |       |       |       |   180 |   437 |   661 |   538 |   149 ||  1965
  Dodge: Dodged            |    43 |   109 |   525 |   504 |   484 |   337 |   104 |    28 ||  2134
  Block: Kite shield       |       |       |    87 |   404 |   452 |   376 |    74 |    21 ||  1414

Table legend: (Time is in decaauts)
 A = Elapsed time spent in this place.
 B = Non-inter-level travel time spent in this place.
 C = Inter-level travel time spent in this place.
 D = Time resting spent in this place.
 E = Time spent auto-exploring this place.
 F = Levels seen in this place.
 G = Mean time per level.
                   A        B        C        D        E       F      G
               +--------+--------+--------+--------+--------+-----+--------+
         Total |  53896 |  50496 |   3400 |  15507 |  22808 |  39 | 1381.9 |
       Dungeon |  19746 |  18182 |   1564 |   5131 |   8940 |  15 | 1316.4 |
        Temple |     22 |     11 |     11 |      0 |      0 |   1 |   22.0 |
          Lair |  10279 |   9450 |    829 |   3318 |   3549 |   5 | 2055.8 |
         Swamp |   4350 |   4026 |    324 |    880 |   1984 |   4 | 1087.5 |
   Spider Nest |   7532 |   7321 |    211 |   3498 |   2398 |   4 | 1883.0 |
  Orcish Mines |   2694 |   2501 |    193 |   1196 |    760 |   2 | 1347.0 |
   Elven Halls |   2111 |   2056 |     55 |    113 |   1384 |   2 | 1055.5 |
        Vaults |   6945 |   6735 |    210 |   1370 |   3745 |   4 | 1736.2 |
        Bazaar |     45 |     45 |      0 |      0 |     12 |   1 |   45.0 |
      Ice Cave |    166 |    166 |      0 |      0 |     36 |   1 |  166.0 |
               +--------+--------+--------+--------+--------+-----+--------+

Top non-repeatable levels by time:
Spider:3: 3699 daAuts
  Lair:2: 3545 daAuts
    D:11: 3281 daAuts
     D:9: 2638 daAuts
  Lair:4: 2438 daAuts
Vaults:1: 2226 daAuts
Vaults:2: 2060 daAuts
     D:8: 1869 daAuts
  Lair:3: 1820 daAuts
Spider:2: 1757 daAuts
     D:3: 1687 daAuts
Spider:4: 1550 daAuts
Vaults:3: 1450 daAuts
   Orc:1: 1413 daAuts
 Swamp:1: 1404 daAuts
